 Dungeon Crawl Stone Soup version 0.27-a0-1532-gca18f49f40 (webtiles) character file.

Game seed: 11774085816832278572

411 elagabalus the Basher (level 6, 0/50 (51) HPs)
             Began as a Minotaur Fighter on July 13, 2021.
             Slain by a necrophage (1 damage)
             ... on level 4 of the Dungeon.
             The game lasted 00:24:45 (2529 turns).

elagabalus the Basher (Minotaur Fighter)            Turns: 2529, Time: 00:24:46

HP:   0/50 (51)     AC: 12    Str: 20    XL:     6   Next: 58%
MP:   5/5           EV:  5    Int:  5    God:
Gold: 182           SH:  4    Dex: 12    Spells: 5/5 levels left

rFire    . . .     SeeInvis .   i - +2 whip
rCold    . . .     Faith    .   r - +0 buckler
rNeg     . . .     Spirit   .   m - +0 plate armour
rPois    .         Reflect  .   b - +1 hat
rElec    .         Harm     .   (no cloak)
rCorr    .         Rampage  .   (no gloves)
Will     .....                  (no boots)
Stlth    ..........             n - amulet of regeneration
HPRegen  1.16/turn              (no ring)
MPRegen  0.09/turn              (no ring)

@: lethally poisoned (0 -> 0), hasted and slowed, lightly drained
A: horns 2, retaliatory headbutt
a: no special abilities


You were on level 4 of the Dungeon.
You visited 1 branch of the dungeon, and saw 4 of its levels.

You collected 182 gold pieces.

Inventory:

Hand Weapons
 i - a +2 whip (weapon)
Missiles
 a - 3 javelins (quivered)
Armour
 b - a +1 hat (worn)
 c - a +0 kite shield
 m - a +0 plate armour (worn)
 r - a +0 buckler (worn)
Jewellery
 n - an amulet of regeneration (around neck)
 o - a ring of wizardry
Wands
 k - a wand of acid (7)
Scrolls
 q - a scroll of amnesia {unknown}
 s - a scroll of fear {unknown}
Potions
 d - a potion of might
 e - 2 potions of heal wounds {unknown}
 f - 2 potions of haste
 g - a potion of magic {unknown}
 h - a potion of flight
 l - a potion of ambrosia {unknown}
 p - a potion of brilliance {unknown}


   Skills:
 - Level 3.6 Fighting
 * Level 8.6 Maces & Flails
 - Level 3.6 Armour
 - Level 3.6 Shields


You had 5 spell levels left.
You didn't know any spells.
Your spell library contained the following spells:

 Spells                   Type           Power      Damage    Failure   Level
 Foxfire                  Conj/Fire      0%         2x1d4     100%        1
 Conjure Flame            Conj/Fire      0%         6-21      100%        3
 Inner Flame              Hex/Fire       0%         N/A       100%        3
 Summon Forest            Summ/Tloc      0%         N/A       100%        5
 Eringya's Noxious Bog    Tmut/Pois      0%         N/A       100%        6
 Summon Hydra             Summ           0%         N/A       100%        7


Dungeon Overview and Level Annotations

Branches:
Dungeon (4/15)
 Temple: D:4-7

Altars:

Shops:
D:3 (


Innate Abilities, Weirdness & Mutations

You have a pair of horns on your head.
You reflexively headbutt those who attack you in melee.


Message History

Your plate armour prevents you from hitting the hornet.
The hornet is heavily wounded.
The hornet stings you but does no damage.
The hornet stings you!
* * * LOW HITPOINT WARNING * * *
You feel as though you will be slow longer.
You hit the hornet.
The hornet is heavily wounded.
The hornet stings you but does no damage.
The hornet stings you.
* * * LOW HITPOINT WARNING * * *
You feel as though you will be slow longer.
You hit the hornet but do no damage. You headbutt the hornet!
The hornet is severely wounded.
The hornet stings you.
* * * LOW HITPOINT WARNING * * *
You feel as though you will be slow longer.
You hit the hornet but do no damage.
The hornet is severely wounded.
The hornet stings you but does no damage.
The hornet barely misses you.
You hit the hornet.
The hornet is almost dead.
The hornet stings you.
* * * LOW HITPOINT WARNING * * *
You are poisoned.
You feel as though you will be slow longer.
The hornet stings you but does no damage.
You hit the hornet. You headbutt the hornet.
You kill the hornet!
You feel very sick.
Your Maces & Flails skill increases to level 8!
You have reached level 6!
Your experience leads to an increase in your attributes!
Increase (S)trength, (I)ntelligence, or (D)exterity?
You feel agile.
You feel yourself speed up.
You feel sick. The necrophage hits you.
* * * LOW HITPOINT WARNING * * *
You feel drained.
You die...

#.######
##.# #.##
#..# ##.#
#.###
#...###
#..#...####
#..#####.@.#
....
###n....#
#.....
.......#
.......
#........#
.......
#........#
.......
#.......<#
#........#
.........#


You could see a necrophage.

Vanquished Creatures
  A hornet (D:4)
  Blork the orc (D:4)
  A hound skeleton (D:3)
  6 adders
  A worm (D:3)
  5 dart slugs
  5 orcs (D:3)
  5 ball pythons
  7 bats
  5 endoplasms
  4 giant cockroaches
  7 goblins
  5 hobgoblins
  2 jackals (D:2)
  5 quokkas
  A frilled lizard (D:3)
  A kobold (D:3)
  6 rats
68 creatures vanquished.

Notes
Turn   | Place    | Note
-------+----------+-------------------------------------------
     0 | D:1      | elagabalus the Minotaur Fighter began the quest for the
                  | Orb.
     0 | D:1      | Reached XP level 1. HP: 19/19 MP: 0/0
   134 | D:1      | Reached skill level 3 in Maces & Flails
   186 | D:1      | Reached XP level 2. HP: 25/26 MP: 1/1
   212 | D:1      | Found a faded altar of an unknown god.
   440 | D:1      | Reached skill level 4 in Maces & Flails
   651 | D:2      | Reached XP level 3. HP: 31/31 MP: 2/2
  1260 | D:2      | Reached skill level 5 in Maces & Flails
  1343 | D:2      | Reached XP level 4. HP: 31/39 MP: 3/3
  1613 | D:3      | Found Kodaom's Antique Weapon Boutique.
  1784 | D:3      | Reached skill level 6 in Maces & Flails
  2014 | D:3      | Reached XP level 5. HP: 45/45 MP: 4/4
  2445 | D:4      | Noticed Blork the orc
  2459 | D:4      | Killed Blork the orc
  2460 | D:4      | Reached skill level 7 in Maces & Flails
  2506 | D:4      | Noticed a hornet
  2507 | D:4      | Noticed a necrophage
  2528 | D:4      | Killed a hornet
  2529 | D:4      | Reached skill level 8 in Maces & Flails
  2529 | D:4      | Reached XP level 6. HP: 5/51 MP: 5/5
  2529 | D:4      | HP: 1/51 [necrophage (4)]
  2529 | D:4      | Slain by a necrophage

Illustrated notes

Levels and vault maps discovered:
D:1:      minmay_arrival_plants_in_alcoves, layout_basic,
          chequers_ecumenical_altar_simple
D:2:      layout_loops_corners, chequers_serial_rivers_room_a, st_stairs_2
D:3:      layout_loops_cross, serial_shops, nicolae_diamond_shop,
          wad_floor_pattern_1
D:4:      layout_cave_pods, serial_bayou_pond_b, due_unseen_surprise,
          uniq_blork_the_orc, uniq_eustachio

Skill      XL: |  1  2  3  4  5 |
---------------+----------------+-----
Maces & Flails | 3 4 5 6 8 |  8.6
Fighting       | |  3.6
Armour         | |  3.6
Shields        | |  3.6

Action                   |  1- 3 |  4- 6 || total
-------------------------+-------+-------++-------
Melee: Flail             |    41 |       ||    41
       Headbutt          |    14 |    22 ||    36
       Whip              |    66 |   129 ||   195
  Use: Scroll            |     4 |     4 ||     8
       Potion            |       |     3 ||     3
Armor: Scale mail        |    33 |       ||    33
       Plate armour      |     6 |    60 ||    66
Dodge: Dodged            |    35 |    21 ||    56
Block: Kite shield       |    42 |    28 ||    70
       Buckler           |       |     7 ||     7

Table legend: (Time is in decaauts)
 A = Elapsed time spent in this place.
 B = Non-inter-level travel time spent in this place.
 C = Inter-level travel time spent in this place.
 D = Time resting spent in this place.
 E = Time spent auto-exploring this place.
 F = Levels seen in this place.
 G = Mean time per level.
                   A        B        C        D        E       F      G
               +--------+--------+--------+--------+--------+-----+--------+
         Total |   2543 |    636 |   1907 |      0 |     31 |   4 |  635.8 |
       Dungeon |   2543 |    636 |   1907 |      0 |     31 |   4 |  635.8 |
               +--------+--------+--------+--------+--------+-----+--------+

Top non-repeatable levels by time:
     D:2: 1004 daAuts
     D:1: 728 daAuts
     D:3: 627 daAuts
     D:4: 182 daAuts
